 Dungeon Crawl Stone Soup version 0.29-a0-214-g17f627cfee (webtiles) character file.

Game seed: 17569462229366469014

4239 spaghetti the Reanimator (level 10, -1/73 HPs)
             Began as a Demonspawn Necromancer on Feb 24, 2022.
             Was a Priest of Cheibriados.
             Slain by a yak (12 damage)
             ... on level 1 of the Lair of Beasts.
             The game lasted 00:22:03 (9101 turns).

spaghetti the Reanimator (Demonspawn Necromancer)   Turns: 9101, Time: 00:22:04

Health: -1/73      AC:  5    Str: 17    XL:     10   Next: 9%
Magic:  11/16      EV: 11    Int: 28    God:    Cheibriados [***...]
Gold:   713        SH: 13    Dex: 28    Spells: 6/17 levels left

rFire   . . .      SeeInvis .   a - +2 short sword (venom) {short}
rCold   . . .      Faith    .   d - +0 kite shield
rNeg    . . .      Spirit   .   e - +0 robe
rPois   .          Reflect  .   (helmet restricted)
rElec   .          Harm     .   (no cloak)
rCorr   .          Rampage  .   (no gloves)
Will    .....                   (no boots)
Stlth   +++.......              h - amulet of regeneration {@e2}
HPRegen 1.02/turn               k - +6 ring of dexterity
MPRegen 0.15/turn               (no ring)

@: very slow
A: horns 1, yellow scales 2, demonic guardian 1
a: Renounce Religion, Bend Time, Temporal Distortion


You were on level 1 of the Lair of Beasts.
You worshipped Cheibriados.
Cheibriados was most pleased with you.
You visited 3 branches of the dungeon, and saw 10 of its levels.

You collected 713 gold pieces.


Innate Abilities, Weirdness & Mutations

You have a pair of small horns on your head.
You are mostly covered in yellow scales. (AC +3)
A weak demonic guardian rushes to your aid.


   Skills:
 + Level 4.8 Fighting
 - Level 1.7 Dodging
 - Level 1.7 Stealth
 + Level 6.3 Shields
 - Level 4.0 Spellcasting
 - Level 5.0 Summonings
 + Level 10.4 Necromancy
 + Level 6.2 Invocations


You had 6 spell levels left.
You knew the following spells:

 Your Spells              Type           Power      Damage    Failure   Level
a - Pain                  Necr           100%       1d9       1%          1
b - Call Canine Familiar  Summ           33%        N/A       8%          3
c - Vampiric Draining     Necr           59%        2d10      1%          3
d - Animate Dead          Necr           29%        N/A       2%          4

Your spell library contained the following spells:

 Spells                   Type           Power      Damage    Failure   Level
 Animate Skeleton         Necr           100%       N/A       1%          1
 Call Imp                 Summ           33%        N/A       3%          2
 Agony                    Necr           59%        N/A       8%          5
 Magic Dart               Conj           20%        1d4       21%         1
 Anguish                  Hex/Necr       17%        N/A       24%         4
 Static Discharge         Conj/Air       5%         N/A       30%         2
 Mephitic Cloud           Conj/Pois/Air  5%         N/A       52%         3
 Portal Projectile        Hex/Tloc       10%        N/A       52%         3
 Tukima's Dance           Hex            5%         N/A       52%         3
 Leda's Liquefaction      Hex/Erth       2%         N/A       89%         4
 Lightning Bolt           Conj/Air       2%         1d14      99%         5
 Enfeeble                 Hex            2%         N/A       100%        7
 Maxwell's Capacitive Co  Air            2%         ∞         100%        8

Inventory:

Hand Weapons
 a - a +2 short sword of venom (weapon) {short}
   (You took it off a kobold on level 2 of the Dungeon)
 b - the +7 whip of Festooned Purpose {protect, rF+ Str+3, mace}
   (You found it on level 5 of the Dungeon)

   It grants its wielder temporary protection when it strikes (+7 to AC).
   Str:       It affects your strength (+3).
   rF:        It protects you from fire.
 c - a +0 mace {mace}
   (You found it on level 1 of the Dungeon)
Missiles
 g - 2 poisoned darts {throwing}
 o - 216 stones {throwing}
 A - 2 throwing nets {=f!fthrowing}
 B - 6 javelins {throwing}
Armour
 d - a +0 kite shield (worn)
   (You found it on level 1 of the Dungeon)
 e - a +0 robe (worn)
Magical Staves
 y - a staff of earth {!astaff}
   (You found it on level 7 of the Dungeon)
Jewellery
 h - an amulet of regeneration (around neck) {@e2}
   (You found it on level 1 of the Dungeon)
 k - a +6 ring of dexterity (left hand)
   (You found it on level 1 of the Dungeon)
 u - a ring of ice
   (You took it off an orc on level 1 of the Lair of Beasts)
Wands
 i - a wand of digging (4)
   (You found it on level 4 of the Dungeon)
 m - a wand of polymorph (5)
   (You found it on level 4 of the Dungeon)
 t - a wand of mindburst (9)
   (You took it off Ijyb on level 3 of the Dungeon)
 w - a wand of paralysis (9)
   (You found it on level 6 of the Dungeon)
Scrolls
 f - a scroll of immolation {!r!r}
 j - 2 scrolls of fog
 l - a scroll of vulnerability {!r!r}
 n - a scroll of noise {!r}
 r - 5 scrolls of identify {@r1}
 s - a scroll of brand weapon
 v - 2 scrolls of teleportation {@r4}
 x - a scroll of torment {!r}
Potions
 q - 2 potions of magic

Dungeon Overview and Level Annotations

Branches:
Dungeon (8/15)             Temple (1/1) D:5            Lair (1/6) D:8

Altars:
Cheibriados
Dithmenos
Elyvilon
Fedhas
Gozag
Hepliaklqana
Kikubaaqudgha
Nemelex Xobeh
Okawaru
Qazlal
Ru
Sif Muna
Trog
Uskayaw
Vehumet
Wu Jian
Xom
Zin
The Shining One

Shops:
D:5 :   D:7 *

Annotations:
D:1 exclusion: spectral thing

.##
#...#....###
#..#....P#
#..#...###
..##...# ...
#...## ....
#....##
##.h..#
#.†Y5##
##@Y..# #....#
#...## . #.###
.P #..# #####
##.## ##.#
##...##.#..#
#..#
#.........##
##.#
#..........##.
#.##


You could see 2 yaks, a friendly hound (summoned) and a friendly white imp
(summoned).


Message History

You hit the yak.
The yak is poisoned.
The yak completely misses you. 😮 HP[+1]
You block the yak's attack. 😮 HP[+2]
You regained 2 hp, and now have 42/73 hp.
The yak closely misses you. 😮 HP[+2]
You regained 2 hp, and now have 44/73 hp. 😮 HP[+1]
You hit the yak but do no damage. You headbutt the yak.
The yak looks more healthy. 😮 HP[+2] MP[+1]
You regained 2 hp, and now have 47/73 hp. 😮 HP[+1]
You block the yak's attack. 😮 HP[+2]
You regained 2 hp, and now have 50/73 hp.
You block the yak's attack. The yak gores you! 😮 HP[-6]
You take 6 damage, and now have 44/73 hp. 😮 HP[+1] MP[+1]
Your mp is fully restored (16).
You closely miss the yak.
The yak gores the fungus.
The fungus begins to die. 😮 HP[+1]
The yak gores you!
* * * LOW HITPOINT WARNING * * *
You block the yak's attack.
The yak gores the fungus! 😨 HP[-10]
You take 10 damage, and now have 36/73 hp.
You block the yak's attack. 😮 HP[+2]
You regained 2 hp, and now have 38/73 hp.
A nearby fungus withers and dies.
The yak looks more healthy. 😮 HP[+1]
You block the yak's attack. 😮 HP[+2]
You regained 2 hp, and now have 41/73 hp.
Okay, then.
Casting: Call Canine Familiar (dangerous; 9% risk of failure)
Confirm with . or Enter, or press ? or * to list all spells.
The yak misses your hound. The yak gores you but does no damage.
The yak completely misses you. The yak gores you. 😮 MP[-3]
You lost 3 mp, and now have 13/16 mp.
You hit the yak.
The yak is poisoned.
Your hound closely misses the yak.
The yak closely misses your hound. You block the yak's attack. x2 😮 HP[+1]
You hit the yak but do no damage. You headbutt the yak, but do no damage.
You kill the yak!
Cheibriados thoroughly appreciates the change of pace.
Cheibriados raises the support of your attributes as your movement slows.
Your hound bites the yak.
The yak gores you!
* * * LOW HITPOINT WARNING * * *
Your hound bites the yak but does no damage.
The yak misses you. You block the yak's attack. 😨 HP[-6]
You take 6 damage, and now have 36/73 hp.
You hit the yak but do no damage.
The yak is poisoned.
Your hound bites the yak.
The yak closely misses you. The yak gores you.
* * * LOW HITPOINT WARNING * * *
A demonic guardian appears!
Your hound bites the yak.
The yak gores you!
* * * LOW HITPOINT WARNING * * *
You block the yak's attack. 😨 HP[-12]
You take 12 damage, and now have 24/73 hp.
Unknown command.
Okay, then.
The flow of time bends around you.
Cheibriados rebukes the yak.
The yak seems to slow down.
Cheibriados rebukes the yak.
The yak seems to slow down.
Cheibriados rebukes the yak.
The yak seems to slow down.
Your hound bites the yak.
The yak gores your hound.
Your hound bites the yak.
The yak gores you.
* * * LOW HITPOINT WARNING * * *
Your white imp hits the yak but does no damage. 😨 HP[-4] MP[-3]
You take 4 damage, and now have 20/73 hp.
You lost 3 mp, and now have 10/16 mp.
You hit the yak.
The yak looks as sick as possible!
You kill the yak!
Cheibriados appreciates the change of pace.
Your hound barely misses the yak.
You block the yak's attack.
Your white imp barely misses the yak.
Your hound bites the yak.
The yak gores you.
* * * LOW HITPOINT WARNING * * *
😱 HP[-4] MP[+1]
You take 4 damage, and now have 16/73 hp.
Unknown command.
You hit the yak. You headbutt the yak.
Your hound barely misses the yak.
The yak gores you!
* * * LOW HITPOINT WARNING * * *
Your white imp hits the yak but does no damage. 😱 HP[-12]
You take 12 damage, and now have 4/73 hp.
Unknown command.
Okay, then.
You feel better.
Your hound bites the yak.
The yak gores you!
You die...

Skill      XL: |  1  2  3  4  5  6  7  8  9 |
---------------+----------------------------+-----
Necromancy     | 5 6 7 9 10 | 10.4
Summonings     | 2 3 4 5 |  5.0
Spellcasting   | 3 4 |  4.0
Shields        | 1 3 4 6 |  6.3
Invocations    | 2 6 |  6.2
Fighting       | 2 4 |  4.8
Dodging        | |  1.7
Stealth        | |  1.7

Action                   |  1- 3 |  4- 6 |  7- 9 | 10-12 || total
-------------------------+-------+-------+-------+-------++-------
Melee: Mace              |    10 |       |       |       ||    10
       Punch             |     1 |       |       |       ||     1
       Short sword       |     2 |    62 |   333 |    18 ||   415
       Headbutt          |       |       |    76 |     9 ||    85
 Cast: Pain              |    79 |    69 |    32 |       ||   180
       Call Canine Famil |       |     7 |    19 |     2 ||    28
       Vampiric Draining |       |       |     5 |       ||     5
Invok: Temporal Distorti |       |       |     2 |       ||     2
       Bend Time         |       |       |       |     1 ||     1
Evoke: Wand              |       |     3 |     7 |       ||    10
  Use: Potion            |     2 |     5 |     4 |     1 ||    12
       Scroll            |       |     8 |     7 |       ||    15
 Stab: Sleeping          |       |     1 |    11 |       ||    12
       Invisible         |       |       |     1 |       ||     1
       Distracted        |       |       |     2 |       ||     2
Armor: Robe              |     6 |    14 |    71 |     2 ||    93
Dodge: Dodged            |    16 |    37 |   202 |    10 ||   265
Block: Kite shield       |       |    19 |   275 |    18 ||   312

Levels and vault maps discovered:
D:1:      dpeg_arrival_three_bigger_balls, layout_basic,
          dreamdust_ecumenical_altar_drowned_temple
D:2:      layout_basic, serial_bayou_pond_c, minmay_hedge_maze
D:3:      cheibrodos_pilgrimage, layout_basic, gup_sewer_entry_glass,
          hangedman_abyss_or_decor_lesser_grid, uniq_ijyb, uniq_terence,
          uniq_sigmund
D:4:      layout_loops_cross
D:5:      minmay_goblin_kobold_castle, layout_basic,
          mainiacjoe_overflow_tiny_flanked, minmay_temple_entry_junction,
          nicolae_shop_self_help
D:6:      layout_basic, kennysheep_small_spiral
D:7:      layout_rooms, serial_aquarium, aquarium_bridge_long_separate
          [aquarium_subvault_window, aquarium_subvault_bridge,
          aquarium_subvault_bridge, aquarium_subvault_bridge,
          aquarium_subvault_bridge, aquarium_subvault_balcony],
          aquarium_bridge_straight [aquarium_subvault_bridge,
          aquarium_subvault_wall, aquarium_subvault_bridge,
          aquarium_subvault_wall], aquarium_window_1, aquarium_window_fake,
          aquarium_view_4, aquarium_view_2e, nicolae_shop_sticking_my_neck_out
D:8:      layout_basic, dpeg_oklobed_lair, hangedman_decor_opposing
Temple:   mainiacjoe_temple_archimedes_tessellation
Lair:1:   hellmonk_warped_wall, layout_cave_pods, infiniplex_staircase_pool

Notes
Turn   | Place    | Note
-------+----------+-------------------------------------------
     0 | D:1      | spaghetti the Demonspawn Necromancer began the quest for
                  | the Orb.
     0 | D:1      | Reached XP level 1. HP: 13/13 MP: 3/3
     0 | D:1      | magus.rc [v1.9.6]
   611 | D:1      | Gained mutation: You are partially covered in yellow
                  | scales. (AC +2) [demonic ancestry]
   611 | D:1      | Reached XP level 2. HP: 17/18 MP: 3/5
   755 | D:1      | Reached skill level 5 in Necromancy
   805 | D:1      | You pick up a book of the Hunter and begin reading...
   805 | D:1      | You add the spells Call Canine Familiar, Portal Projectile
                  | and Leda's Liquefaction to your library.
   820 | D:1      | Found a faded altar of an unknown god.
  1734 | D:2      | Gained mutation: A weak demonic guardian rushes to your
                  | aid. [demonic ancestry]
  1734 | D:2      | Reached XP level 3. HP: 23/23 MP: 4/6
  1983 | D:2      | Learned a level 3 spell: Call Canine Familiar
  2107 | D:2      | You pick up a book of Lightning and begin reading...
  2107 | D:2      | You add the spells Static Discharge, Lightning Bolt and
                  | Maxwell's Capacitive Coupling to your library.
  2370 | D:2      | Reached XP level 4. HP: 30/30 MP: 5/7
  2642 | D:2      | Reached skill level 1 in Summonings
  2972 | D:3      | HP: 5/30 [gnoll/+0 flail (6)]
  3304 | D:3      | Reached skill level 3 in Spellcasting
  3414 | D:3      | Noticed Sigmund
  3432 | D:3      | Killed Sigmund
  3433 | D:3      | Reached skill level 2 in Summonings
  3433 | D:3      | Reached skill level 6 in Necromancy
  3433 | D:3      | Reached XP level 5. HP: 35/35 MP: 8/10
  3433 | D:3      | Reached XP level 6. HP: 41/41 MP: 8/11
  4083 | D:3      | Noticed Ijyb
  4089 | D:3      | Killed Ijyb
  4090 | D:3      | Reached skill level 3 in Summonings
  4308 | D:3      | Noticed Terence
  4321 | D:3      | Killed Terence
  4322 | D:3      | Reached skill level 4 in Spellcasting
  4661 | D:4      | You pick up a book of Maledictions and begin reading...
  4661 | D:4      | You add the spells Tukima's Dance, Anguish and Enfeeble to
                  | your library.
  4866 | D:4      | Reached skill level 1 in Shields
  4866 | D:4      | Reached skill level 7 in Necromancy
  4866 | D:4      | Gained mutation: You have a pair of small horns on your
                  | head. [demonic ancestry]
  4866 | D:4      | Reached XP level 7. HP: 36/46 MP: 13/13
  4894 | D:5      | Entered Level 5 of the Dungeon
  5061 | D:4      | Reached skill level 2 in Shields
  5061 | D:4      | Reached skill level 4 in Summonings
  5461 | D:5      | Reached skill level 3 in Shields
  5461 | D:5      | Reached XP level 8. HP: 34/52 MP: 10/14
  5468 | D:5      | Reached skill level 5 in Summonings
  5468 | D:5      | Reached skill level 8 in Necromancy
  5513 | D:5      | Found a bloodstained altar of Trog.
  5535 | D:5      | Identified the +7 whip of Festooned Purpose {protect, rF+
                  | Str+3}
  5736 | D:5      | Reached skill level 4 in Shields
  5848 | D:5      | Found a staircase to the Ecumenical Temple.
  5857 | Temple   | Entered the Ecumenical Temple
  6035 | Temple   | Became a worshipper of Cheibriados the Contemplative
  6174 | D:5      | Found Fisoiru's Self-Improvement Boutique.
  6444 | D:5      | Reached * piety under Cheibriados
  6804 | D:5      | Reached ** piety under Cheibriados
  7055 | D:5      | Reached skill level 9 in Necromancy
  7055 | D:5      | Reached skill level 1 in Invocations
  7212 | D:6      | Reached skill level 1 in Fighting
  7235 | D:6      | Reached skill level 2 in Invocations
  7352 | D:6      | Reached skill level 2 in Fighting
  7352 | D:6      | Reached XP level 9. HP: 61/61 MP: 15/15
  7421 | D:6      | Reached skill level 5 in Shields
  7421 | D:6      | Reached skill level 3 in Invocations
  7425 | D:6      | Learned a level 3 spell: Vampiric Draining
  7430 | D:6      | Learned a level 4 spell: Animate Dead
  7730 | D:6      | Reached skill level 3 in Fighting
  7730 | D:6      | Reached skill level 4 in Invocations
  7801 | D:6      | You pick up a book of Minor Magic and begin reading...
  7801 | D:6      | You add the spells Magic Dart, Call Imp and Mephitic Cloud
                  | to your library.
  7897 | D:6      | Reached *** piety under Cheibriados
  8230 | D:7      | Found Joesi's Neck Hole.
  8337 | D:7      | Reached skill level 5 in Invocations
  8386 | D:7      | Reached skill level 10 in Necromancy
  8431 | D:7      | Reached skill level 4 in Fighting
  8668 | D:8      | HP: 13/65 [steam dragon (5)]
  8671 | D:8      | HP: 4/65 [steam dragon/ball of steam (6)]
  8676 | D:8      | Reached skill level 6 in Shields
  8676 | D:8      | HP: 3/65 [orc wizard/magic dart (5)]
  8777 | D:8      | Found a staircase to the Lair.
  8784 | Lair:1   | Entered Level 1 of the Lair of Beasts
  8784 | Lair:1   | Noticed a cane toad
  8789 | Lair:1   | Killed a cane toad
  8790 | Lair:1   | Reached skill level 6 in Invocations
  8790 | Lair:1   | Gained mutation: You are mostly covered in yellow scales.
                  | (AC +3) [demonic ancestry]
  8790 | Lair:1   | Reached XP level 10. HP: 51/73 MP: 2/16
  9099 | Lair:1   | HP: 16/73 [yak (5)]
  9100 | Lair:1   | HP: 4/73 [yak (14)]
  9101 | Lair:1   | Slain by a yak

Vanquished Creatures
  A cane toad (Lair:1)
  Sigmund (D:3)
  2 yaks (Lair:1)
  A steam dragon (D:8)
  A water moccasin (D:6)
  2 ice beasts
  2 sky beasts
  3 black bears
  4 ogres
  3 centaurs
  A phantom (D:4)
  7 bullfrogs
  A scorpion (D:7)
  A water moccasin skeleton (D:5)
  A howler monkey (D:4)
  3 orc priests
  A centaur zombie (D:6)
  A centaur skeleton (D:6)
  2 jellies
  A bullfrog skeleton (D:5)
  2 hounds (D:5)
  Terence (D:3)
  5 iguanas
  Ijyb (D:3)
  5 orc wizards
  A nameless horror (D:4)
  8 adders
  13 gnolls
  A shadow imp (D:7)
  An ufetubus (D:5)
  5 worms
  5 dart slugs
  13 orcs
  11 endoplasms
  29 goblins
  21 hobgoblins
  8 kobolds
  2 quokkas
  13 ball pythons
  9 bats
  8 frilled lizards
  6 rats
  A spectral kobold (D:1)
208 creatures vanquished.

Vanquished Creatures (collateral kills)
  2 ice beasts
  A necrophage (D:5)
  An iguana (D:5)
  9 gnolls
  A howler monkey skeleton (D:7)
  3 orcs
  6 goblins (D:5)
  4 hobgoblins (D:5)
  A kobold (D:5)
28 creatures vanquished.

Vanquished Creatures (others)
  2 fungi
  A plant (D:8)
3 creatures vanquished.

Grand Total: 239 creatures vanquished

Table legend:
 A = Non-vault XP
 B = Vault XP
 C = Vault XP percentage of total XP
 D = Non-vault monster count
 E = Vault monster count
 F = Vault count percentage of total count
                 A         B        C        D         E       F
            +---------+---------+-------+---------+---------+-------
      Total |    5471 |     586 |   9.7 |     166 |      69 |  29.4
            +---------+---------+-------+---------+---------+-------
        D:1 |      37 |       1 |   2.6 |      23 |       1 |   4.2
        D:2 |      73 |       0 |   0.0 |      27 |       0 |   0.0
        D:3 |     143 |     362 |  71.7 |      21 |       9 |  30.0
        D:4 |     774 |       0 |   0.0 |      29 |       0 |   0.0
        D:5 |     734 |     223 |  23.3 |      17 |      59 |  77.6
        D:6 |    1486 |       0 |   0.0 |      20 |       0 |   0.0
        D:7 |     941 |       0 |   0.0 |      15 |       0 |   0.0
        D:8 |     369 |       0 |   0.0 |       8 |       0 |   0.0
     Lair:1 |     914 |       0 |   0.0 |       6 |       0 |   0.0
            +---------+---------+-------+---------+---------+-------

Illustrated notes

Table legend:
 A = Kills in this place as a percentage of kills in entire the game.
 B = Kills by you in this place as a percentage of kills by you in the entire game.
 C = Kills by friends in this place as a percentage of kills by friends in the entire game.
 D = Other kills in this place as a percentage of other kills in the entire game.
 E = Experience gained in this place as a percentage of experience gained in the entire game.
 F = Experience gained in this place divided by the number of levels of this place that you have seen.
                   A       B       C       D       E      F
               +-------+-------+-------+-------+-------+----------------------
         Total | 100.0 | 100.0 | 100.0 |   N/A | 100.0 | 605.7
       Dungeon |  97.4 |  97.1 | 100.0 |   N/A |  84.9 | 642.9
          Lair |   2.6 |   2.9 |   0.0 |   N/A |  15.1 | 914.0
               +-------+-------+-------+-------+-------+----------------------

Table legend: (Time is in decaauts)
 A = Elapsed time spent in this place.
 B = Non-inter-level travel time spent in this place.
 C = Inter-level travel time spent in this place.
 D = Time resting spent in this place.
 E = Time spent auto-exploring this place.
 F = Levels seen in this place.
 G = Mean time per level.
                   A        B        C        D        E       F      G
               +--------+--------+--------+--------+--------+-----+--------+
         Total |  10279 |  10084 |    195 |    611 |   7617 |  10 | 1027.9 |
       Dungeon |   9608 |   9464 |    144 |    530 |   7160 |   8 | 1201.0 |
        Temple |    217 |    167 |     50 |      0 |    152 |   1 |  217.0 |
          Lair |    452 |    452 |      0 |     81 |    305 |   1 |  452.0 |
               +--------+--------+--------+--------+--------+-----+--------+

Top non-repeatable levels by time:
     D:5: 1914 daAuts
     D:1: 1565 daAuts
     D:3: 1546 daAuts
     D:2: 1490 daAuts
     D:6: 1335 daAuts
     D:4: 831 daAuts
     D:7: 771 daAuts
  Lair:1: 452 daAuts
  Temple: 217 daAuts
     D:8: 153 daAuts
